 Dungeon Crawl Stone Soup version 0.29.1-12-g30fa7ad0bf (webtiles) character file.

Game seed: 14684762120130324557

21 KittyFluff the Trooper (level 2, 0/19 HPs)
             Began as a Gargoyle Berserker on Jan 8, 2023.
             Was a Follower of Trog.
             Slain by a hobgoblin (1 damage)
             ... on level 1 of the Dungeon.
             The game lasted 00:01:16 (196 turns).

KittyFluff the Trooper (Gargoyle Berserker)          Turns: 196, Time: 00:01:18

Health: 0/19       AC:  5    Str: 20    XL:     2   Next: 83%
Magic:  2/2        EV:  9    Int:  7    God:    Trog [*.....]
Gold:   25         SH:  0    Dex:  9    Spells: 1/1 levels left

rFire   . . .      SeeInvis .   a - +0 mace
rCold   . . .      Faith    .   (no shield)
rNeg    + . .      Spirit   .   b - +0 animal skin
rPois   ∞          Reflect  .   (no helmet)
rElec   +          Harm     .   (no cloak)
rCorr   .          Rampage  .   (no gloves)
Will    .....                   (no boots)
Stlth   +.........              (no amulet)
HPRegen 0.06/turn               (no ring)
MPRegen 0.08/turn               (no ring)

@: constricted
A: sickness immunity, AC +2, negative energy resistance 1, electricity
resistance, torment resistance 1, petrification resistance
a: Renounce Religion, Berserk


You were on level 1 of the Dungeon.
You worshipped Trog.
Trog was aware of your devotion.
You visited 1 branch of the dungeon, and saw 1 of its levels.

You collected 25 gold pieces.

Inventory:

Hand Weapons
 a - a +0 mace (weapon)
Armour
 b - a +0 animal skin (worn)
Scrolls
 c - a scroll of blinking {unknown}


   Skills:
 + Level 3.5 Fighting
 + Level 3.2 Maces & Flails
 * Level 2.8 Armour
 + Level 1.8 Dodging


You had one spell level left.
You didn't know any spells.
Your spell library was empty.

Dungeon Overview and Level Annotations

Branches:
Dungeon (1/15)

Altars:


Innate Abilities, Weirdness & Mutations

You are immune to sickness and miasma.
Your stone body is resilient. (AC +2)
You are immune to poison.
You resist negative energy. (rN+)
You are resistant to electric shocks. (rElec)
You are resistant to unholy torment.
You are immune to petrification.


Message History

The gnoll is moderately wounded.
The hobgoblin hits you. The gnoll closely misses you.
The ball python barely misses you. The ball python grabs you.
The ball python constricts you. The gnoll barely misses you.
The hobgoblin hits you but does no damage.
You hit the gnoll.
The gnoll is severely wounded.
The ball python bites you but does no damage.
The ball python constricts you.
The ball python bites you but does no damage.
The ball python constricts you. The gnoll closely misses you.
The hobgoblin hits you but does no damage.
You closely miss the gnoll.
The gnoll is severely wounded.
The ball python bites you but does no damage.
The ball python constricts you. The hobgoblin completely misses you.
The gnoll barely misses you.
The ball python bites you but does no damage.
The ball python constricts you.
You hit the gnoll.
The gnoll is almost dead.
The hobgoblin barely misses you. The gnoll hits you with a +0 whip.
* * * LOW HITPOINT WARNING * * *
The ball python closely misses you. The ball python constricts you.
You sock the gnoll!
You kill the gnoll!
Trog accepts your kill. The hobgoblin hits you.
* * * LOW HITPOINT WARNING * * *
The ball python bites you.
* * * LOW HITPOINT WARNING * * *
The ball python constricts you.
The hobgoblin hits you but does no damage.
You closely miss the hobgoblin.
The hobgoblin is severely wounded.
The ball python bites you but does no damage.
The ball python constricts you.
The ball python bites you but does no damage.
The ball python constricts you. The hobgoblin hits you.
You die...

####.......# #.......#
#.## #..#.##.# ...#
#....##.# ...# ##
#....##)# ...# .#
#....##.######...###.
.###...###.##...........
................).......
.#####....###..†@g......
.# #....# #####S..###.
## ##...# ...# ### ##.##
...# ###.####.# ..!#
.........# ..##
###.###### #.# ### .#


You could see a hobgoblin and a ball python.

Vanquished Creatures
  A gnoll (D:1)
  3 endoplasms (D:1)
  3 goblins (D:1)
  2 ball pythons (D:1)
  A kobold (D:1)
  A rat (D:1)
11 creatures vanquished.

Notes
Turn   | Place    | Note
-------+----------+-------------------------------------------
     0 | D:1      | KittyFluff the Gargoyle Berserker began the quest for the
                  | Orb.
     0 | D:1      | Reached XP level 1. HP: 14/14 MP: 1/1
   118 | D:1      | Reached XP level 2. HP: 16/19 MP: 2/2
   196 | D:1      | Slain by a hobgoblin

Illustrated notes

Levels and vault maps discovered:
D:1:      wander_arrival_chamber, layout_loops_cross,
          hellmonk_ecumenical_altar_slurped_away, serial_shops, shop, shop,
          nicolae_diamond_shop, nicolae_shop_window_shopping

Action                   || total
-------------------------++-------
Melee: Mace              ||    40
Armor: Animal skin       ||    20
Dodge: Dodged            ||    34
